 Dungeon Crawl Stone Soup version 0.30-a0-335-ge5acde7520 (webtiles) character file.

Game seed: 5708861177382338490

151264 McGhostyFace the Blocker (level 17, -3/142 HPs)
             Began as a Gnoll Wanderer on Oct 31, 2022.
             Was a High Priest of Ashenzari.
             Shot with a bolt by a naga sharpshooter (8 damage)
             ... on level 4 of the Snake Pit.
             The game lasted 02:01:37 (35010 turns).

McGhostyFace the Blocker (Gnoll Wanderer)          Turns: 35010, Time: 02:01:37

Health: -3/142     AC: 39    Str: 14    XL:     17   Next: 55%
Magic:  5/35       EV: 17    Int: 14    God:    Ashenzari [*****.]
Gold:   1232       SH: 13    Dex: 15    Spells: 32/44 levels left

rFire   . . .      SeeInvis +    G - +5 flail of Cremastomancy {holy, Evo, Cun} (curse)
rCold   + . .      Faith    .    e - +0 buckler "Vexation of Ashenzari" {AC+3, Comp, Cun} (curse)
rNeg    . . .      Spirit   .    i - +2 chain mail of the All-Knowing {Will+, Elem, Bglg} (curse)
rPois   .          Reflect  +    O - +2 helmet of Ashenzari's Doubts {Alch, Fort} (curse)
rElec   .          Harm     .    F - +0 cloak "Yoke of the Bound Seer" {Elem, Self} (curse)
rCorr   .          Rampage  .    K - +2 pair of gloves "Circumscribed Together" {infuse, Alch, Bglg} (curse)
Will    ++...      Clarity  +    a - +1 pair of boots of Toth-Mos's Legacy {Bglg, Cun} (curse)
Stlth   ++++......               W - amulet "At What Cost Knowledge?" {Reflect SH+5, Evo, Melee} (curse)
HPRegen 0.43/turn                Y - ring of the Tortoise {AC+8}
MPRegen 0.24/turn                s - ring of Ashenzari's Henotheism {EV+4, Cun, Fort} (curse)

@: lethally poisoned (-3 -> -19), weakened, slowed, very slow
A: fangs 1, strong nose, distributed training, clarity, cold resistance 1, sense
surroundings 1
a: Renounce Religion, Curse Item, Shatter the Chains


You were on level 4 of the Snake Pit.
You worshipped Ashenzari.
Ashenzari was extremely pleased with you.
You visited 4 branches of the dungeon, and saw 26 of its levels.
You also visited: Ossuary.

You collected 5078 gold pieces.
You spent 3846 gold pieces at shops.

Inventory:

Hand Weapons
 G - the cursed +5 flail of Cremastomancy (weapon) {holy, Evo, Cun}
   (You took it off Edmund on level 6 of the Dungeon)

   It has been blessed by the Shining One to cause great damage to the undead
   and demons.
   It has a curse which improves the following skills: Evocations: Evocations.
   Cunning:   Dodging and Stealth.
 N - a +8 lajatang of electrocution
Missiles
 j - 3 curare-tipped darts
 J - 23 poisoned darts (quivered)
 Q - 2 throwing nets
Armour
 a - the cursed +1 pair of boots of Toth-Mos's Legacy (worn) {Bglg, Cun}
   (You found it on level 4 of the Lair of Beasts)

   It has a curse which improves the following skills: Beguiling: Conjurations,
   Hexes and Translocations.
   Cunning:   Dodging and Stealth.
 e - the cursed +0 buckler "Vexation of Ashenzari" (worn) {AC+3, Comp, Cun}

   It has a curse which improves the following skills: Companions: Summonings
   and Necromancy.
   Cunning:   Dodging and Stealth.
 i - the cursed +2 chain mail of the All-Knowing (worn) {Will+, Elem, Bglg}
   (You found it on level 2 of the Dungeon)

   It has a curse which improves the following skills: Elements: Fire Magic, Ice
   Magic, Air Magic and Earth Magic.
   Beguiling: Conjurations, Hexes and Translocations.
 F - the cursed +0 cloak "Yoke of the Bound Seer" (worn) {Elem, Self}
   (You found it on level 5 of the Dungeon)

   It has a curse which improves the following skills: Elements: Fire Magic, Ice
   Magic, Air Magic and Earth Magic.
   Introspection: Fighting and Spellcasting.
 K - the cursed +2 pair of gloves "Circumscribed Together" (worn) {infuse, Alch, Bglg}
   (You bought it in a shop on level 1 of the Orcish Mines)

   It has a curse which improves the following skills: Alchemy: Poison Magic and
   Transmutations.
   Beguiling: Conjurations, Hexes and Translocations.
 O - the cursed +2 helmet of Ashenzari's Doubts (worn) {Alch, Fort}
   (You found it on level 7 of the Dungeon)

   It has a curse which improves the following skills: Alchemy: Poison Magic and
   Transmutations.
   Fortitude: Armour and Shields.
 X - a scarf of resistance
Jewellery
 c - a +4 ring of protection
 p - a ring of magical power
 s - the cursed ring of Ashenzari's Henotheism (right hand) {EV+4, Cun, Fort}
   (You found it on level 4 of the Dungeon)

   [ring of evasion]

   EV:        It affects your evasion (+4).
   It has a curse which improves the following skills: Cunning: Dodging and
   Stealth.
   Fortitude: Armour and Shields.
 t - a ring of flight
 w - a +6 ring of strength
 A - an amulet of regeneration
 M - a +4 ring of evasion
 S - a ring of protection from fire
 U - a ring of ice
 V - a ring of poison resistance
 W - the cursed amulet "At What Cost Knowledge?" (around neck) {Reflect SH+5, Evo, Melee}
   (You found it on level 11 of the Dungeon)

   [amulet of reflection]

   It reflects blocked missile attacks.
   SH:        It affects your SH (+5).
   It has a curse which improves the following skills: Evocations: Evocations.
   Melee Combat: Short Blades, Long Blades, Axes, Maces & Flails, Polearms,
   Staves and Unarmed Combat.
 Y - the ring of the Tortoise (left hand) {AC+8}
   (You bought it in a shop on level 3 of the Snake Pit)

   [ring of protection]

   AC:        It affects your AC (+8).
Wands
 d - a wand of polymorph (2)
 h - a wand of iceblast (11)
 u - a wand of quicksilver (4)
 B - a wand of mindburst (6)
 D - a wand of digging (9)
 P - a wand of charming (18)
Scrolls
 g - 7 scrolls of magic mapping
 r - 4 scrolls of teleportation
 v - 2 scrolls of blinking
 y - 9 scrolls of fear
 C - 3 scrolls of enchant weapon
 H - 2 scrolls of brand weapon
 I - a scroll of amnesia
 L - 7 scrolls of fog
 R - 3 scrolls of poison
 Z - 2 scrolls of enchant armour
Potions
 b - 3 potions of attraction
 f - 2 potions of magic
 k - 5 potions of curing
 m - 2 potions of heal wounds
 n - 9 potions of flight
 o - 4 potions of mutation
 q - 4 potions of ambrosia
 x - 2 potions of invisibility
 z - 2 potions of haste
 E - 6 potions of brilliance
 T - a potion of cancellation
Miscellaneous
 l - a phial of floods (inert)


   Skills:
 + Level 12.9(15.2) Fighting
 + Level 12.1(14.4) Short Blades
 + Level 12.1(14.4) Long Blades
 + Level 12.1(14.4) Axes
 + Level 12.1(14.4) Maces & Flails
 + Level 12.1(14.4) Polearms
 + Level 12.1(14.4) Staves
 + Level 12.1 Ranged Weapons
 + Level 12.1 Throwing
 + Level 13.7(17.1) Armour
 + Level 12.1(17.6) Dodging
 + Level 12.4(17.9) Stealth
 + Level 13.7(17.1) Shields
 + Level 12.1(14.4) Unarmed Combat
 + Level 12.1(14.4) Spellcasting
 + Level 10.3(14.8) Conjurations
 + Level 10.3(14.8) Hexes
 + Level 10.3(12.6) Summonings
 + Level 10.3(12.6) Necromancy
 + Level 10.3(14.8) Translocations
 + Level 10.3(13.7) Transmutations
 + Level 10.3(13.7) Fire Magic
 + Level 10.3(13.7) Ice Magic
 + Level 10.3(13.7) Air Magic
 + Level 10.3(13.7) Earth Magic
 + Level 10.3(13.7) Poison Magic
 + Level 13.2 Invocations
 + Level 12.4(15.8) Evocations


You had 32 spell levels left.
You knew the following spells:

 Your Spells              Type           Power      Damage    Failure   Level
a - Olgreb's Toxic Radia  Pois           48%        N/A       2%          4
b - Freezing Cloud        Conj/Ice/Air   24%        6-21      5%          5
c - Ignite Poison         Fire/Tmut/Pois 48%        N/A       1%          3

Your spell library contained the following spells:

 Spells                   Type           Power      Damage    Failure   Level
 Foxfire                  Conj/Fire      100%       2x1d9     1%          1
 Sting                    Tmut/Pois      100%       1d8       1%          1
 Poisonous Vapours        Pois/Air       96%        N/A       1%          2
 Wereblood                Tmut           48%        N/A       1%          2
 Call Canine Familiar     Summ           45%        N/A       1%          3
 Dazzling Flash           Conj/Hex       100%       N/A       1%          3
 Inner Flame              Hex/Fire       50%        N/A       1%          3
 Kindle Blastsparks       Fire/Tloc/Air  98%        2d18      1%          3
 Portal Projectile        Hex/Tloc       100%       N/A       1%          3
 Vhi's Electric Charge    Tloc/Air       100%       N/A       1%          3
 Fulminant Prism          Conj/Hex       25%        3d13      1%          4
 Iskenderun's Mystic Bla  Conj/Tloc      51%        2d11      1%          4
 Leda's Liquefaction      Hex/Erth       25%        N/A       1%          4
 Sticky Flame             Conj/Fire      50%        2d7       1%          4
 Ice Form                 Ice/Tmut       48%        N/A       2%          4
 Animate Dead             Necr           45%        N/A       3%          4
 Arcjolt                  Conj/Air       25%        1d35      4%          5
 Yara's Violent Unravell  Hex/Tmut       25%        3d11      4%          5
 Lee's Rapid Deconstruct  Erth           24%        3d13*     6%          5
 Borgnjor's Vile Clutch   Necr/Erth      23%        N/A       8%          5
 Starburst                Conj/Fire      25%        6d8       26%         6
 Simulacrum               Ice/Necr       23%        N/A       38%         6
 Death Channel            Necr           22%        N/A       47%         6
 Enfeeble                 Hex            25%        N/A       77%         7
 Ignition                 Fire           24%        3d8       100%        8
 Maxwell's Capacitive Co  Air            24%        ∞         100%        8
 Necromutation            Tmut/Necr      23%        N/A       100%        8
 Polar Vortex             Ice            24%        N/A       100%        9


Dungeon Overview and Level Annotations

Branches:
Dungeon (15/15)            Temple (0/1) D:5            Lair (5/5) D:11
  Swamp (0/4) Lair:2        Snake (4/4) Lair:3        Slime (0/5) Lair:5
    Orc (2/2) D:12            Elf (0/3) Orc:2        Vaults (0/5) D:13
 Depths (0/4) D:15        Ossuary (visited)

Altars:
Ashenzari
Dithmenos
Elyvilon
Fedhas
Makhleb
Nemelex Xobeh
Okawaru
Qazlal
Vehumet
Jiyva

Shops:
D:5 !   D:8 !?=!?   D:9 ?   Orc:1 (*:[[   Orc:2 (!=*(*:?   Snake:1 *(*
Snake:3 =:=

Portals:
Pandemonium: Orc:2

Annotations:
D:8 2 transporters, 3 runed translucent doors, koil's ghost, novice SpBr
D:11 3 runed translucent doors, FizzleBag's ghost, journeyman MiFi


Innate Abilities, Weirdness & Mutations

You have very sharp teeth.
Your uncanny sense of smell can sniff out nearby items.
Your experience applies equally to all skills.
You possess an exceptional clarity of mind.
Your flesh is cold resistant. (rC+)
You passively map a small area around you.


Message History

Press: ? - help, Shift-Dir - straight line, f - naga mage
Aim: a naga mage, wielding a +0 flail and wearing a +0 robe (fast)
The torrent of water hits the naga mage!!
The naga mage is almost dead.
The naga mage is knocked back by the torrent of water.
The wave splashes down.
The naga mage is engulfed in water.
You hear a shout! x3
Unknown command.
Casting: Freezing Cloud (dangerous; 5% risk of failure)
Confirm with . or Enter, or press ? or * to list all spells.
Okay, then.
Aiming: Iceblast
Press: ? - help, Shift-Dir - straight line, f/p - naga mage
Aim: a naga mage, wielding a +0 flail and wearing a +0 robe (almost dead, fast, waterlogged)
The mass of ice explodes!
The iceblast engulfs the naga mage!!
You kill the naga mage!
You hear a splash. x2; You hear a shout!
You feel yourself speed up.
The naga sharpshooter shoots a bolt.
The bolt hits you but does no damage.
The naga sharpshooter casts a spell.
The naga sharpshooter magically shoots a bolt.
You reflect the bolt off an invisible shield around you!
The naga sharpshooter shoots a bolt.
The bolt hits you!
* * * LOW HITPOINT WARNING * * *
There is a stone staircase leading up, spattered with blood here.
You feel better.
The naga sharpshooter shoots a bolt.
You reflect the bolt off an invisible shield around you!
The bolt hits the naga sharpshooter!
The naga sharpshooter casts a spell.
The naga sharpshooter magically shoots a bolt.
The bolt hits you but does no damage.
The naga sharpshooter spits poison at you.
The splash of poison hits you!
You are poisoned.
You have difficulty breathing.
* * * LOW HITPOINT WARNING * * *
You feel yourself slow down.
* * * LOW HITPOINT WARNING * * *
The naga sharpshooter shoots a bolt.
The bolt hits you!
You die...

# #.......................#
####.#.....####...........(#
#
..............#............#
#
.###.......##.#............#
#
.###+......##.#............#
#
........#####.#............#
#
........#####.#............#
#
...........................#
#
....).+#~####...@..........#
#
.......#~~[~.)[)...........#
#
###.....~~~~)#).....########
#
##......~)[)N[.....?#########
#
.#...).)~~~)~#..............#
#
.#.........N.######.........#
.#....)......# #.........#
.#(......))..# #.........#
.....####.)### #.........#


You could see 2 naga sharpshooters.

Vanquished Creatures
  Jorgrun (Orc:1)
  Agnes (Snake:1)
  2 nagarajas
  Aizul (Snake:1)
  The ghost of Palms the Fighter, a journeyman TeSu of Ashenzari (Lair:4)
  A dire elephant (Lair:5)
  An ettin (Orc:1)
  Snorg (Orc:1)
  A fire dragon (D:15)
  5 vault guards
  4 salamander tyrants (Snake:4)
  An ice dragon (D:15)
  3 centaur warriors
  4 hydras
  2 catoblepae
  6 boulder beetles
  3 anacondas
  2 demonspawn (Orc:2)
  9 death yaks (Lair:5)
  2 two-headed ogres (D:12)
  10 naga warriors
  A deep troll shaman (Lair:5)
  6 orc high priests
  16 naga sharpshooters
  7 shock serpents
  Amaemon (Lair:2)
  Sonja (D:13)
  2 salamander mystics (Snake:4)
  5 skeletal warriors (D:14)
  6 naga ritualists
  Pikel (D:6)
  A lindwurm (Lair:5)
  2 deep elf pyromancers (D:14)
  6 orc knights
  7 mana vipers
  4 ugly things
  4 manticores
  8 orc sorcerers
  12 salamanders
  16 elephants
  Maurice (D:8)
  4 cyclopes
  34 black mambas
  Joseph (Lair:1)
  A smoke demon (Orc:2)
  A torpor snail (Lair:4)
  2 guardian serpents (Snake:4)
  17 naga magi
  Maggie (D:7)
  An orange demon (Lair:2)
  10 cane toads
  A kobold demonologist (D:12)
  2 rime drakes (Lair:2)
  A yaktaur (D:15)
  An ice devil (Orc:2)
  An efreet (D:15)
  13 komodo dragons
  An unseen horror (D:13)
  A red devil (Orc:2)
  8 polar bears
  3 meliai (D:15)
  9 trolls
  A hornet (D:9)
  20 blink frogs
  6 dream sheep (Lair:4)
  A water elemental (D:15)
  9 wyverns
  6 humans
  4 wraiths
  3 basilisks
  44 yaks
  An unseen horror simulacrum (D:8)
  29 vampire mosquitoes
  A steam dragon (Lair:2)
  Edmund (D:6)
  3 acid dragons
  3 wargs (Orc:1)
  27 nagas
  17 water moccasins
  2 black bears
  7 ice beasts (D:8)
  26 orc warriors
  A sky beast (D:7)
  8 ogres
  3 centaurs
  17 wolves
  2 lemures (D:6)
  4 kobold brigands
  6 bullfrogs
  2 elf zombies (Ossuary)
  A necrophage (D:8)
  2 gnoll sergeants
  11 killer bees
  4 electric eels
  2 vampire bats (Lair:5)
  9 howler monkeys
  A lava snake (D:9)
  A wyvern simulacrum (D:8)
  20 orc priests
  A gnoll bouda (Orc:2)
  A hound (D:6)
  22 orc wizards
  Terence (D:3)
  2 iguanas
  2 centaur simulacra (D:8)
  3 mummies (Ossuary)
  10 adders
  15 gnolls
  8 white imps (D:8)
  2 howler monkey simulacra (D:8)
  2 ufetubi (D:8)
  3 worms
  3 dart slugs
  70 orcs
  12 bats
  4 endoplasms
  6 giant cockroaches
  A gnoll zombie (Ossuary)
  7 goblins
  5 hobgoblins (D:2)
  7 jackals
  2 quokkas
  4 ball pythons
  4 goblin zombies (Ossuary)
  2 hobgoblin zombies (Ossuary)
  27 kobolds
  A kobold zombie (Ossuary)
  6 rats
819 creatures vanquished.

Vanquished Creatures (others)
  A human (D:13)
  An orc wizard (D:8)
  2 kobolds (D:12)
  13 fungi
  15 plants
32 creatures vanquished.

Grand Total: 851 creatures vanquished

Notes
Turn   | Place    | Note
-------+----------+-------------------------------------------
     0 | D:1      | McGhostyFace the Gnoll Wanderer began the quest for the
                  | Orb.
     0 | D:1      | McGhostyFace set off with the following items: a +0 dagger,
                  | a potion of attraction, a +0 ring mail, a scroll of
                  | teleportation, a +0 buckler of protection.
     0 | D:1      | Reached XP level 1. HP: 20/20 MP: 1/1
   103 | D:1      | Reached XP level 2. HP: 20/26 MP: 2/2
   303 | D:1      | Reached XP level 3. HP: 31/31 MP: 3/3
   783 | D:1      | Reached skill level 1 in Invocations
  1221 | D:2      | Reached skill level 1 in Short Blades
  1221 | D:2      | Reached skill level 1 in Long Blades
  1221 | D:2      | Reached skill level 1 in Axes
  1221 | D:2      | Reached skill level 1 in Maces & Flails
  1221 | D:2      | Reached skill level 1 in Polearms
  1221 | D:2      | Reached skill level 1 in Staves
  1221 | D:2      | Reached skill level 1 in Ranged Weapons
  1221 | D:2      | Reached skill level 1 in Throwing
  1221 | D:2      | Reached skill level 1 in Dodging
  1221 | D:2      | Reached skill level 1 in Unarmed Combat
  1221 | D:2      | Reached skill level 1 in Spellcasting
  1241 | D:2      | Reached XP level 4. HP: 19/38 MP: 5/5
  1755 | D:2      | Reached skill level 1 in Conjurations
  1755 | D:2      | Reached skill level 1 in Hexes
  1755 | D:2      | Reached skill level 1 in Summonings
  1755 | D:2      | Reached skill level 1 in Necromancy
  1755 | D:2      | Reached skill level 1 in Translocations
  1755 | D:2      | Reached skill level 1 in Transmutations
  1755 | D:2      | Reached skill level 1 in Fire Magic
  1755 | D:2      | Reached skill level 1 in Ice Magic
  1755 | D:2      | Reached skill level 1 in Air Magic
  1755 | D:2      | Reached skill level 1 in Earth Magic
  1755 | D:2      | Reached skill level 1 in Poison Magic
  2277 | D:3      | Noticed Terence
  2313 | D:3      | Killed Terence
  2314 | D:3      | Reached XP level 5. HP: 41/43 MP: 5/7
  2413 | D:3      | Noticed an ice beast
  2682 | D:3      | Found a broken altar of Ashenzari.
  2843 | D:3      | Became a worshipper of Ashenzari the Shackled
  3169 | D:4      | Got the Volume of Shapes
  3215 | D:4      | Reached XP level 6. HP: 50/50 MP: 8/8
  3516 | D:4      | Found an iron altar of Okawaru.
  3890 | D:5      | Entered Level 5 of the Dungeon
  3967 | D:5      | Reached skill level 5 in Fighting
  3978 | D:5      | Found a sand-covered staircase.
  3983 | Ossuary  | Entered an ossuary
  3983 | Ossuary  | Noticed a wraith
  3983 | Ossuary  | Noticed a wraith
  3983 | Ossuary  | Noticed a wraith
  4264 | Ossuary  | Reached * piety under Ashenzari
  4451 | Ossuary  | Reached XP level 7. HP: 56/56 MP: 10/10
  4512 | Ossuary  | Noticed a wraith
  4549 | Ossuary  | Killed a wraith
  4576 | Ossuary  | Identified the cursed +0 pair of boots of Desmomancy
                  | {Melee, Range} (You found it on level 1 of the Dungeon)
  4692 | D:5      | Found a staircase to the Ecumenical Temple.
  5113 | D:5      | Reached ** piety under Ashenzari
  5229 | D:5      | Found Kepiro's Distillery.
  5531 | D:6      | Noticed Pikel
  5585 | D:6      | Killed Pikel
  5586 | D:6      | Reached XP level 8. HP: 63/65 MP: 12/14
  5696 | D:6      | Noticed Edmund
  5728 | D:6      | Killed Edmund
  5746 | D:6      | Identified the +2 robe "Forghud" {Will+ MP+9 Int+5 Dex-2}
  6201 | D:6      | Reached *** piety under Ashenzari
  6585 | D:7      | Reached XP level 9. HP: 67/73 MP: 17/17
  6709 | D:7      | Noticed Maggie
  6727 | D:7      | Reached skill level 5 in Evocations
  6749 | D:7      | Killed Maggie
  6750 | D:7      | Reached skill level 5 in Stealth
  6769 | D:7      | Reached skill level 5 in Invocations
  7361 | D:8      | Found Siumad's Magic Scroll Boutique.
  7408 | D:8      | Found a shadowy altar of Dithmenos.
  7455 | D:8      | Reached skill level 5 in Short Blades
  7455 | D:8      | Reached skill level 5 in Long Blades
  7455 | D:8      | Reached skill level 5 in Axes
  7455 | D:8      | Reached skill level 5 in Maces & Flails
  7455 | D:8      | Reached skill level 5 in Polearms
  7455 | D:8      | Reached skill level 5 in Staves
  7455 | D:8      | Reached skill level 5 in Ranged Weapons
  7455 | D:8      | Reached skill level 5 in Throwing
  7455 | D:8      | Reached skill level 5 in Dodging
  7455 | D:8      | Reached skill level 5 in Unarmed Combat
  7455 | D:8      | Reached skill level 5 in Spellcasting
  7460 | D:8      | Reached XP level 10. HP: 76/82 MP: 19/19
  7529 | D:8      | Reached **** piety under Ashenzari
  7607 | D:8      | Found Kitadoff's Jewellery Shoppe.
  7661 | D:8      | HP: 4/118 [polar bear (2)]
  7699 | D:8      | Identified the cursed +0 cloak "Yoke of the Bound Seer"
                  | {Elem, Self} (You found it on level 5 of the Dungeon)
  7699 | D:8      | Identified the cursed +2 helmet of Ashenzari's Doubts
                  | {Alch, Fort} (You found it on level 7 of the Dungeon)
  7787 | D:8      | Found a transporter.
  7793 | D:8      | Found a transporter.
  7817 | D:8      | Found a transporter.
  7957 | D:8      | Found Kuvioh's Magic Scroll Shop.
  8137 | D:8      | Found Nohur's Distillery.
  8157 | D:8      | Found a transporter.
  8203 | D:8      | Found Wyek's Distillery.
  8240 | D:8      | Found a runed translucent gate.
  8240 | D:8      | Found a runed translucent gate.
  8242 | D:8      | Found a runed translucent gate.
  8243 | D:8      | Noticed koil's ghost (novice SpBr)
  8243 | D:8      | Noticed a nine-headed hydra
  8281 | D:8      | Noticed Maurice
  8303 | D:8      | Killed Maurice
  8335 | D:8      | Found a stormy altar of Qazlal.
  8335 | D:8      | Found a white marble altar of Elyvilon.
  8336 | D:8      | Found a burning altar of Makhleb.
  8632 | D:8      | Reached skill level 5 in Conjurations
  8632 | D:8      | Reached skill level 5 in Hexes
  8632 | D:8      | Reached skill level 5 in Summonings
  8632 | D:8      | Reached skill level 5 in Necromancy
  8632 | D:8      | Reached skill level 5 in Translocations
  8632 | D:8      | Reached skill level 5 in Transmutations
  8632 | D:8      | Reached skill level 5 in Fire Magic
  8632 | D:8      | Reached skill level 5 in Ice Magic
  8632 | D:8      | Reached skill level 5 in Air Magic
  8632 | D:8      | Reached skill level 5 in Earth Magic
  8632 | D:8      | Reached skill level 5 in Poison Magic
  8632 | D:8      | Reached XP level 11. HP: 64/90 MP: 23/23
  8733 | D:9      | Noticed a boulder beetle
  8854 | D:9      | Identified the +5 spear of Reapportionment {vorpal, rN+
                  | Str+2 Dex-5 Stlth+}
  9192 | D:9      | Killed a boulder beetle
  9309 | D:9      | Found Tirhugru's Magic Scroll Boutique.
  9661 | D:9      | Paralysed by a hornet for 3 turns
  9863 | D:10     | Entered Level 10 of the Dungeon
 10176 | D:10     | Reached ***** piety under Ashenzari
 10942 | D:11     | Found a runed translucent gate.
 10943 | D:11     | Found a runed translucent gate.
 10943 | D:11     | Noticed FizzleBag's ghost (journeyman MiFi)
 10944 | D:11     | Found a runed translucent gate.
 10945 | D:11     | Identified the +1 plate armour of Beastly Beauty {rPois
                  | rN++ Int+6}
 10985 | D:11     | Found a staircase to the Lair.
 11144 | D:11     | Identified the quicksilver dragon scales "Qeyduew" {Will+
                  | Regen+ rCorr Slay+2}
 11165 | D:12     | Noticed a cyclops
 11175 | D:12     | Killed a cyclops
 11400 | D:12     | Found a staircase to the Orcish Mines.
 11443 | D:12     | Identified the +2 scale mail of Exclusion {rPois rF- Int+8
                  | Stlth-}
 11447 | D:12     | Noticed a two-headed ogre
 11457 | D:12     | Killed a two-headed ogre
 11458 | D:12     | Reached XP level 12. HP: 74/99 MP: 25/25
 11466 | D:12     | Found a sparkling altar of Nemelex Xobeh.
 11471 | D:12     | Noticed a boulder beetle
 11502 | D:12     | Killed a boulder beetle
 11629 | D:12     | Noticed a two-headed ogre
 11643 | D:12     | Killed a two-headed ogre
 11703 | D:12     | Reached skill level 10 in Armour
 11703 | D:12     | Reached skill level 10 in Shields
 11821 | D:13     | Noticed Sonja
 11844 | D:13     | Killed Sonja
 12775 | D:13     | Noticed a vault guard
 12775 | D:13     | Noticed a vault guard
 12775 | D:13     | Noticed a vault guard
 12798 | D:13     | Killed a vault guard
 12805 | D:13     | Killed a vault guard
 12810 | D:13     | Noticed a vault guard
 12819 | D:13     | Noticed a vault guard
 12836 | D:13     | Killed a vault guard
 12941 | D:12     | Killed a vault guard
 12986 | D:12     | Killed a vault guard
 13076 | D:13     | Reached XP level 13. HP: 107/107 MP: 27/27
 13155 | D:13     | Found a gate to the Vaults.
 13275 | D:13     | Gained mutation: You possess an exceptional clarity of
                  | mind. [potion of mutation]
 13275 | D:13     | Gained mutation: Your flesh is cold resistant. (rC+)
                  | [potion of mutation]
 13275 | D:13     | Gained mutation: You passively map a small area around you.
                  | [potion of mutation]
 13892 | D:14     | Found an iron altar of Okawaru.
 13965 | D:14     | Found a blossoming altar of Fedhas.
 14940 | D:15     | Entered Level 15 of the Dungeon
 15107 | D:15     | Noticed a fire dragon
 15109 | D:15     | Noticed an ice dragon
 15123 | D:15     | Killed an ice dragon
 15133 | D:15     | Killed a fire dragon
 15134 | D:15     | Reached skill level 10 in Fighting
 15137 | D:15     | Found a staircase to the Depths.
 15567 | D:15     | Identified the +5 ring mail "Ywaoggiu" {Rampage Int+2}
 16082 | Lair:1   | Entered Level 1 of the Lair of Beasts
 16151 | Lair:1   | Noticed Joseph
 16167 | Lair:1   | Killed Joseph
 16637 | Lair:1   | Reached XP level 14. HP: 116/116 MP: 29/29
 16701 | Lair:1   | Reached skill level 10 in Invocations
 17428 | Lair:2   | Found a staircase to the Swamp.
 17730 | Lair:2   | Learned a level 4 spell: Olgreb's Toxic Radiance
 18142 | Lair:2   | Noticed Amaemon
 18167 | Lair:2   | Killed Amaemon
 19137 | Lair:3   | Found a staircase to the Snake Pit.
 19455 | Lair:3   | Reached skill level 10 in Evocations
 19851 | Lair:4   | Reached skill level 10 in Stealth
 20989 | Lair:4   | Found a transporter.
 20991 | Lair:4   | Noticed Palms's ghost (journeyman TeSu)
 21023 | Lair:4   | Found a transporter.
 21039 | Lair:4   | Learned a level 5 spell: Freezing Cloud
 21086 | Lair:4   | Killed Palms's ghost
 21105 | Lair:4   | Learned a level 3 spell: Ignite Poison
 21405 | Lair:4   | Reached skill level 10 in Short Blades
 21405 | Lair:4   | Reached skill level 10 in Long Blades
 21405 | Lair:4   | Reached skill level 10 in Axes
 21405 | Lair:4   | Reached skill level 10 in Maces & Flails
 21405 | Lair:4   | Reached skill level 10 in Polearms
 21405 | Lair:4   | Reached skill level 10 in Staves
 21405 | Lair:4   | Reached skill level 10 in Ranged Weapons
 21405 | Lair:4   | Reached skill level 10 in Throwing
 21405 | Lair:4   | Reached skill level 10 in Dodging
 21405 | Lair:4   | Reached skill level 10 in Unarmed Combat
 21405 | Lair:4   | Reached skill level 10 in Spellcasting
 21860 | Lair:5   | Entered Level 5 of the Lair of Beasts
 22244 | Lair:5   | Reached XP level 15. HP: 121/124 MP: 22/31
 24035 | Lair:5   | Found a viscous altar of Jiyva.
 24035 | Lair:5   | Found a staircase to the Slime Pits.
 24719 | Orc:1    | Entered Level 1 of the Orcish Mines
 24719 | Orc:1    | Noticed Jorgrun
 24728 | Orc:1    | Killed Jorgrun
 24748 | Orc:1    | Found Taublosu's Assorted Antiques.
 24920 | Orc:1    | Found Ylegergh's Weapon Shop.
 24977 | Orc:1    | Found a radiant altar of Vehumet.
 24977 | Orc:1    | Noticed Snorg
 24983 | Orc:1    | Killed Snorg
 25243 | Orc:1    | Found Buutex's Book Shoppe.
 25297 | Orc:1    | Found Ilumil's Armour Emporium.
 25409 | Orc:1    | Found Ahyiw's Antique Armour Shop.
 25598 | Orc:1    | Bought a pair of gloves for 135 gold pieces
 25631 | Orc:1    | Bought a +2 pair of gloves of infusion for 387 gold pieces
 25704 | Orc:2    | Entered Level 2 of the Orcish Mines
 25704 | Orc:2    | Found a staircase to the Elven Halls.
 25736 | Orc:2    | Found Gofa's Antique Weapon Boutique.
 25809 | Orc:2    | Found Puykeh Xuat's General Store.
 25821 | Orc:2    | Found Carusoj's General Store.
 26004 | Orc:2    | Reached XP level 16. HP: 36/133 MP: 5/33
 26674 | Orc:2    | Found Yratica's Magic Scroll Shoppe.
 26695 | Orc:2    | Bought a scroll of acquirement for 728 gold pieces
 26695 | Orc:2    | Acquired 924 gold pieces
 26906 | Orc:2    | Found Fayrorph's Distillery.
 27082 | Orc:2    | Found Acvysaag's Jewellery Emporium.
 27230 | Orc:2    | Bought a scroll of acquirement for 676 gold pieces
 27237 | Orc:2    | Acquired 1339 gold pieces
 27597 | Orc:2    | Found Hoptup's Book Shoppe.
 27597 | Orc:2    | Found Gives's Antique Weapon Emporium.
 27598 | Orc:2    | Found a one-way gate leading to the halls of Pandemonium.
 27855 | Snake:1  | Entered Level 1 of the Snake Pit
 27858 | Snake:1  | Identified the Encyclopedia of Autotheism
 27929 | Snake:1  | Noticed Aizul
 27952 | Snake:1  | Killed Aizul
 29231 | Snake:1  | Noticed Agnes
 29242 | Snake:1  | Killed Agnes
 29382 | Snake:1  | Found Xecrepruitu's General Store.
 29384 | Snake:1  | Found Ziluxyiq's Weapon Emporium.
 29386 | Snake:1  | Found Udghoille's Assorted Antiques.
 30306 | Snake:2  | Identified the +8 quarterstaff "Hain" {holy, Will+}
 30764 | Snake:2  | Found the +2 hat of the Bear Spirit {Spirit, *Rage Will++}
 31779 | Snake:3  | Found Dilafin's Jewellery Boutique.
 31779 | Snake:3  | Found Ekeleigg's Book Shoppe.
 31780 | Snake:3  | Found Bocoscheu's Jewellery Boutique.
 31786 | Snake:3  | Bought the ring of the Tortoise {AC+8} for 1920 gold pieces
 31786 | Snake:3  | Found the ring of the Tortoise {AC+8}
 32124 | Snake:4  | Entered Level 4 of the Snake Pit
 32155 | Snake:4  | Reached XP level 17. HP: 66/140 MP: 2/35
 32774 | Snake:4  | Reached skill level 10 in Conjurations
 32774 | Snake:4  | Reached skill level 10 in Hexes
 32774 | Snake:4  | Reached skill level 10 in Summonings
 32774 | Snake:4  | Reached skill level 10 in Necromancy
 32774 | Snake:4  | Reached skill level 10 in Translocations
 32774 | Snake:4  | Reached skill level 10 in Transmutations
 32774 | Snake:4  | Reached skill level 10 in Fire Magic
 32774 | Snake:4  | Reached skill level 10 in Ice Magic
 32774 | Snake:4  | Reached skill level 10 in Air Magic
 32774 | Snake:4  | Reached skill level 10 in Earth Magic
 32774 | Snake:4  | Reached skill level 10 in Poison Magic
 34237 | Snake:3  | HP: 7/142 [poisoned by a nagaraja (splash of poison)]
 34996 | Snake:4  | HP: 6/142 [naga sharpshooter/bolt (13)]
 35010 | Snake:4  | HP: 5/142 [naga sharpshooter/splash of poison (8)]
 35010 | Snake:4  | Shot with a bolt by a naga sharpshooter

Illustrated notes

Levels and vault maps discovered:
D:1:      nagdon_arrival_zigzag_paths, layout_basic,
          chequers_serial_rivers_micro_a, serial_park_tiny_2
D:2:      layout_basic
D:3:      layout_rooms, nicolae_ashenzari_panopticon, minmay_tree_intersection,
          uniq_terence
D:4:      layout_basic, mainiacjoe_overflow_chevrons, guppyfry_early_lair_pool
D:5:      layout_basic, temple_fountains, enter_ossuary_5, serial_shops,
          kennysheep_mini
D:6:      layout_basic, uniq_pikel, uniq_edmund
D:7:      layout_basic, nicolae_elevator_lobby_plus, uniq_maggie
D:8:      layout_rooms, nicolae_dithmenos_the_darkroom,
          gammafunk_temple_overflow_claw, serial_shops, shop,
          nicolae_shop_behind_doors, shop, shop_fountains, shop, serial_ice,
          serial_ice_f, serial_ice_m, serial_ice_i, serial_ice_c, serial_ice_o,
          serial_ice_h, serial_ice_a, serial_ice_b, serial_ice_n, serial_ice_e,
          gammafunk_ghost_hydra_chop, nicolae_transporter_intersection,
          uniq_maurice
D:9:      layout_gridville, supply_closet_lemuel, minmay_misc_feat_pillars,
          mrwooster_statue_mirror, nicolae_inconvenience_store
D:10:     layout_cave_pools
D:11:     layout_rooms, david_lair_shrubbed, biasface_ghost_orc_armoury
D:12:     layout_rooms, david_orc_4, nemelex_xobeh_ov_fountains_minmay
D:13:     layout_basic, ximxim_vaults_locker_room, uniq_sonja
D:14:     layout_gridville, fedhas_altar_2, okawaru_metal_pillars_1_2
D:15:     grunt_enter_depths_hoard, layout_basic, serial_park_fountain
Lair:1:   layout_misc_corridors, beast_lair_carwin_7, serial_bayou_shore_a,
          uniq_joseph
Lair:2:   layout_regular_city, minmay_swamp_entry_swarm, uniq_amaemon
Lair:3:   layout_roguey, guppyfry_snake_entry_island, wad_woods_river_03,
          lemuel_fruit_tree, infiniplex_staircase_pool, grunt_megastairs_1,
          serial_bayou_shore_b
Lair:4:   layout_hall_layers, gammafunk_ghost_arena, st_stairs_10
Lair:5:   grunt_lair_end_beastmaster, layout_cave_shapes,
          dpeg_slime_entry_corner, roderic_batcave, minivault_27
Snake:1:  layout_grid_shapes, grunt_megastairs_5, minmay_shop_star,
          serial_bayou_shore_b, uniq_agnes, uniq_aizul
Snake:2:  layout_concentric_octagons
Snake:3:  layout_basic, nicolae_triple_integral, minmay_shop_grove
Snake:4:  snake_pit, layout_basic, serial_bayou_shore_b, grunt_megastairs_2
Orc:1:    layout_caves, basic_altar, serial_shops, shop, shop,
          nicolae_shop_stone, shop, nicolae_shop_trees, uniq_snorg, uniq_jorgrun
Orc:2:    pf_orc_diabolical, layout_caves, serial_shops, shop, shop, shop,
          nicolae_shop_waterfront

Skill      XL: |  1  2  3  4  5  6  7  8  9 10 11 12 13 14 15 16 17 |
---------------+----------------------------------------------------+-----
Invocations    | 1 2 3 4 5 6 7 8 9 10 11 12 13 | 13.2
Short Blades   | 1 2 3 4 5 6 7 8 9 10 11 12 | 12.1
Long Blades    | 1 2 3 4 5 6 7 8 9 10 11 12 | 12.1
Axes           | 1 2 3 4 5 6 7 8 9 10 11 12 | 12.1
Maces & Flails | 1 2 3 4 5 6 7 8 9 10 11 12 | 12.1
Polearms       | 1 2 3 4 5 6 7 8 9 10 11 12 | 12.1
Staves         | 1 2 3 4 5 6 7 8 9 10 11 12 | 12.1
Ranged Weapons | 1 2 3 4 5 6 7 8 9 10 11 12 | 12.1
Throwing       | 1 2 3 4 5 6 7 8 9 10 11 12 | 12.1
Dodging        | 1 2 3 4 5 6 7 8 9 10 11 12 | 12.1
Unarmed Combat | 1 2 3 4 5 6 7 8 9 10 11 12 | 12.1
Spellcasting   | 1 2 3 4 5 6 7 8 9 10 11 12 | 12.1
Conjurations   | 1 2 3 4 5 6 7 8 9 10 | 10.3
Hexes          | 1 2 3 4 5 6 7 8 9 10 | 10.3
Summonings     | 1 2 3 4 5 6 7 8 9 10 | 10.3
Necromancy     | 1 2 3 4 5 6 7 8 9 10 | 10.3
Translocations | 1 2 3 4 5 6 7 8 9 10 | 10.3
Transmutations | 1 2 3 4 5 6 7 8 9 10 | 10.3
Fire Magic     | 1 2 3 4 5 6 7 8 9 10 | 10.3
Ice Magic      | 1 2 3 4 5 6 7 8 9 10 | 10.3
Air Magic      | 1 2 3 4 5 6 7 8 9 10 | 10.3
Earth Magic    | 1 2 3 4 5 6 7 8 9 10 | 10.3
Poison Magic   | 1 2 3 4 5 6 7 8 9 10 | 10.3
Evocations     | 3 4 5 6 7 8 9 10 11 12 | 12.4
Stealth        | 3 4 5 6 7 8 9 10 11 12 | 12.4
Fighting       | 5 6 7 8 9 10 11 12 | 12.9
Armour         | 7 8 9 10 11 12 13 | 13.7
Shields        | 7 8 9 10 11 12 13 | 13.7

Action                   |  1- 3 |  4- 6 |  7- 9 | 10-12 | 13-15 | 16-18 || total
-------------------------+-------+-------+-------+-------+-------+-------++-------
Melee: Dagger            |   143 |   417 |   224 |       |       |       ||   784
       Bite              |    13 |    54 |    54 |   138 |   214 |    85 ||   558
       Flail             |       |       |   249 |  1006 |  1306 |   491 ||  3052
Throw: Throwing net      |     1 |       |       |       |       |       ||     1
       Dart              |       |       |    20 |    65 |    82 |    44 ||   211
 Cast: Olgreb's Toxic Ra |       |       |       |       |   110 |    33 ||   143
       Ignite Poison     |       |       |       |       |    39 |    21 ||    60
       Freezing Cloud    |       |       |       |       |       |    61 ||    61
Invok: Curse Item        |       |     2 |     3 |     3 |     2 |     1 ||    11
       Shatter the Chain |       |       |       |       |     2 |       ||     2
Evoke: Wand              |       |       |       |     1 |    13 |     1 ||    15
       Phial of floods   |       |       |       |       |       |     1 ||     1
  Use: Scroll            |       |     5 |     2 |     1 |     1 |     5 ||    14
       Potion            |       |     1 |     2 |     6 |     6 |     6 ||    21
 Stab: Sleeping          |     1 |     1 |       |     3 |     6 |     5 ||    16
       Held in net/web   |     1 |       |       |       |       |       ||     1
       Distracted        |       |       |       |       |     2 |       ||     2
       Petrified         |       |       |       |       |     3 |       ||     3
Armor: Ring mail         |    49 |     7 |       |       |       |       ||    56
       Chain mail        |       |   118 |   202 |   458 |   379 |   196 ||  1353
       Skin              |       |       |     8 |     7 |       |       ||    15
Dodge: Dodged            |    68 |    63 |   245 |   958 |   823 |   304 ||  2461
Block: Buckler           |    41 |    59 |   141 |   477 |   890 |   362 ||  1970
       Reflection        |       |       |       |       |     8 |    60 ||    68

Table legend: (Time is in decaauts)
 A = Elapsed time spent in this place.
 B = Non-inter-level travel time spent in this place.
 C = Inter-level travel time spent in this place.
 D = Time resting spent in this place.
 E = Time spent auto-exploring this place.
 F = Levels seen in this place.
 G = Mean time per level.
                   A        B        C        D        E       F      G
               +--------+--------+--------+--------+--------+-----+--------+
         Total |  34245 |  32580 |   1665 |   7105 |  17312 |  27 | 1268.3 |
       Dungeon |  15215 |  14107 |   1108 |   1220 |   8443 |  15 | 1014.3 |
          Lair |   8400 |   8140 |    260 |   2269 |   4209 |   5 | 1680.0 |
     Snake Pit |   7031 |   6872 |    159 |   2731 |   2976 |   4 | 1757.8 |
  Orcish Mines |   2993 |   2856 |    137 |    761 |   1448 |   2 | 1496.5 |
       Ossuary |    604 |    604 |      0 |    122 |    234 |   1 |  604.0 |
               +--------+--------+--------+--------+--------+-----+--------+

Top non-repeatable levels by time:
 Snake:3: 2505 daAuts
  Lair:4: 2481 daAuts
  Lair:5: 2173 daAuts
   Orc:2: 1991 daAuts
 Snake:1: 1719 daAuts
    D:14: 1636 daAuts
 Snake:4: 1619 daAuts
  Lair:2: 1604 daAuts
     D:2: 1411 daAuts
     D:8: 1291 daAuts
     D:9: 1287 daAuts
    D:13: 1284 daAuts
 Snake:2: 1187 daAuts
     D:6: 1179 daAuts
  Lair:3: 1106 daAuts
